[Event "*** MasterClass Titled Tuesday Blitz"]
[Site "Chess.com"]
[Date "2017.12.05"]
[Round "7"]
[White "mikelito7"]
[Black "oogee"]
[Result "0-1"]
[WhiteElo "1373"]
[BlackElo "2128"]
[TimeControl "180+2"]
[EndTime "15:40:10 PST"]
[Termination "oogee won by checkmate"]

1. d4 Nf6 2. c4 g6 3. Nc3 Bg7 4. d5 O-O 5. e4 e5 6. f4 exf4 7. Bxf4 Nxe4 8. Nxe4 Re8 9. Bd3 f5 10. Kf2 fxe4 11. Bc2 Rf8 12. Ke3 Rxf4 13. Kxf4 Qh4+ 14. Ke3 d6 15. Bxe4 Bh6+ 16. Kd3 Nd7 17. Nf3 Nc5+ 18. Kc3 Bg7+ 19. Kb4 Qxe4 20. Re1 a5+ 21. Ka3 Qxc4 22. b3 Qb4# 0-1

[Event "*** MasterClass Titled Tuesday Blitz"]
[Site "Chess.com"]
[Date "2017.12.05"]
[Round "7"]
[White "fardinkhan46"]
[Black "ZalupiNputiN"]
[Result "0-1"]
[WhiteElo "1463"]
[BlackElo "2044"]
[TimeControl "180+2"]
[EndTime "15:40:13 PST"]
[Termination "ZalupiNputiN won by checkmate"]

1. e4 c5 2. d4 cxd4 3. Qxd4 Nc6 4. Qe3 Nf6 5. e5 Ng4 6. Qf4 Ngxe5 7. Bc4 g5 8. Qe4 Nxc4 9. Qxc4 e6 10. Qc3 Bb4 11. Bd2 Bxc3 12. Bxc3 e5 13. Nf3 f6 14. O-O O-O 15. a3 d5 16. Bb4 Nxb4 17. axb4 d4 18. c3 d3 19. Rd1 Bf5 20. Nbd2 Qe8 21. Ra3 Qh5 22. h3 g4 23. hxg4 Bxg4 24. c4 e4 25. Nxe4 Bxf3 26. gxf3 Qxf3 27. Nc3 Kf7 28. Raa1 Rg8+ 29.
Kf1 Rae8 30. Re1 Qh1# 0-1

[Event "*** MasterClass Titled Tuesday Blitz"]
[Site "Chess.com"]
[Date "2017.12.05"]
[Round "7"]
[White "Margency"]
[Black "juniortay"]
[Result "0-1"]
[WhiteElo "2478"]
[BlackElo "2323"]
[TimeControl "180+2"]
[EndTime "15:40:46 PST"]
[Termination "juniortay won by resignation"]

1. e4 e5 2. Nf3 Nf6 3. Nxe5 Nc6 4. Nxc6 dxc6 5. Nc3 Bc5 6. Be2 Qd4 7. O-O h5 8. d3 Ng4 9. Qe1 Qe5 10. g3 h4 11.
Bxg4 Bxg4 12. Be3 Bf3 13. Bxc5 Qxc5 14. Qe3 Qh5 15. Qf4 hxg3 16. Qxg3 Rh6 17. Rfe1 Rg6 18. Re3 Rxg3+ 19. fxg3 O-O-O 20. Rf1 Bg4 21. Rf4 Be6 22.
Re2 b5 23. a3 a5 24. b4 axb4 25. axb4 Kb7 26. Ref2 Qe5 27. Ne2 Qb2 28. c3 Rxd3 29. Nd4 Qxc3 0-1

[Event "*** MasterClass Titled Tuesday Blitz"]
[Site "Chess.com"]
[Date "2017.12.05"]
[Round "7"]
[White "OparinGrigoriy"]
[Black "JSPrepz"]
[Result "1/2-1/2"]
[WhiteElo "2718"]
[BlackElo "2573"]
[TimeControl "180+2"]
[EndTime "15:40:59 PST"]
[Termination "Game drawn by repetition"]

1. Nf3 d5 2. g3 Nc6 3. d4 Bg4 4. Bg2 Qd7 5. c4 e6 6. cxd5 exd5 7. h3 Bf5 8. Nc3 O-O-O 9. Bf4 Nf6 10. Rc1 Bd6 11. Ne5 Bxe5 12. Bxe5 Nxe5 13. dxe5 Ne4 14. Qd4 Kb8 15. O-O c5 16. Qd1 Nxc3 17. Rxc3 c4 18. g4 Be6 19. Qd4 h5 20. g5 f6 21. exf6 gxf6 22. gxf6 h4 23. f4 Rhg8 24. f5 Bf7 25. Kh1 Ka8 26. Re3 Rde8 27. Rxe8+ Qxe8 28. e4 Rg3 29. e5 Qg8 30. e6 Rxg2 31. exf7 Rh2+ 32.
Kxh2 Qg3+ 33. Kh1 Qxh3+ 34. Kg1 Qg3+ 35. Kh1 Qh3+ 36. Kg1 Qg3+ 37. Kh1 Qh3+ 1/2-1/2

[Event "*** MasterClass Titled Tuesday Blitz"]
[Site "Chess.com"]
[Date "2017.12.05"]
[Round "7"]
[White "Salem-AR"]
[Black "MITerryble"]
[Result "1-0"]
[WhiteElo "2815"]
[BlackElo "2665"]
[TimeControl "180+2"]
[EndTime "15:41:00 PST"]
[Termination "Salem-AR won by resignation"]

1. Nf3 Nf6 2. c4 e6 3. g3 b6 4.
Bg2 Bb7 5. O-O Be7 6. d4 O-O 7. Re1 d5 8. cxd5 exd5 9. Nc3 Nbd7 10. Bf4 Nh5 11. Be3 c6 12. Qb3 Bd6 13. Rad1 Re8 14.
Bg5 f6 15. Bc1 f5 16. e4 fxe4 17. Nxe4 Be7 18. Bh3 Nf8 19. Ne5 g6 20. Bh6 Ng7 21. Qf3 Nf5 22. Bxf5 gxf5 23. Qxf5 dxe4 24. Qf7+ 1-0

[Event "*** MasterClass Titled Tuesday Blitz"]
[Site "Chess.com"]
[Date "2017.12.05"]
[Round "7"]
[White "ChessWarrior7197"]
[Black "nubair1198"]
[Result "0-1"]
[WhiteElo "2646"]
[BlackElo "2535"]
[TimeControl "180+2"]
[EndTime "15:41:16 PST"]
[Termination "nubair1198 won by resignation"]

1. e4 c6 2. d4 d5 3. Nc3 dxe4 4. Nxe4 Bf5 5. Ng3 Bg6 6. h4 h6 7. Nf3 e6 8. Ne5 Bh7 9. Bd3 Bxd3 10.
Qxd3 Nd7 11. Nxd7 Qxd7 12. Be3 Nf6 13. O-O-O Qd5 14. c4 Qxg2 15. d5 cxd5 16. c5 Qf3 17. Qb5+ Nd7 18. Qxb7 Rb8 19. Qxa7 Bxc5 20. Bxc5 Rc8 21.
Kb1 Nxc5 22. Rc1 O-O 23. Rc3 Qxf2 24. Rhc1 Rb8 25. R1c2 Qg1+ 26. Rc1 Rxb2+ 27. Ka1 Nb3+ 28. Kxb2 Qxa7 29. axb3 Ra8 0-1

[Event "*** MasterClass Titled Tuesday Blitz"]
[Site "Chess.com"]
[Date "2017.12.05"]
[Round "7"]
[White "jcgs1030"]
[Black "VampirePrincessMiu"]
[Result "1-0"]
[WhiteElo "2294"]
[BlackElo "1000"]
[TimeControl "180+2"]
[EndTime "15:41:28 PST"]
[Termination "jcgs1030 won on time"]

1. Nf3 d6 2. d4 c6 3. c4 Nd7 4. Nc3 Qc7 5. g3 e5 6. Bg2 Ngf6 7. O-O Be7 8. b3 h6 9. Bb2 g5 10. Rc1 Nf8 11. dxe5 dxe5 12. Ne4 Nxe4 13. Bxe5 Bd6 14. Bxh8 Ng6 15. Bg7 Bc5 16. e3 Ba3 17. Rc2 f6 18. Nd4 f5 19. Bxh6 Qh7 20. Bxe4 fxe4 21. Bxg5 Bh3 22.
Re1 Ne5 23. Rd2 1-0

[Event "*** MasterClass Titled Tuesday Blitz"]
[Site "Chess.com"]
[Date "2017.12.05"]
[Round "7"]
[White "NF31415926"]
[Black "sandager"]
[Result "0-1"]
[WhiteElo "1987"]
[BlackElo "1982"]
[TimeControl "180+2"]
[EndTime "15:41:33 PST"]
[Termination "sandager won by resignation"]

1. e4 e5 2. Nf3 Nc6 3. Bc4 Bc5 4. c3 Nf6 5. d4 exd4 6. cxd4 Bb4+ 7. Bd2 Bxd2+ 8. Nbxd2 d5 9. exd5 Nxd5 10. O-O O-O 11. h3 Bf5 12. Rc1 Re8 13. Nb3 Be4 14. Nfd2 Nb6 15. Nxe4 Nxc4 16. Rxc4 Rxe4 17. Nc5 Rxd4 18.
Rxd4 Qxd4 19. Qxd4 Nxd4 20. Rd1 Rd8 21. Kf1 Ne6 22. Rxd8+ Nxd8 23. Ke2 Kf8 24. Kd3 Ke7 25. Kc4 b6 26. Na6 c6 27. Nb4 Kd6 28. Nd3 Ne6 29.
g3 a6 30. a3 b5+ 31. Kc3 c5 32. h4 Kd5 33. f3 a5 34. b4 axb4+ 35. axb4 c4 36.
Nf2 Nd4 37. Ng4 Ne2+ 38. Kd2 Nxg3 39. Ke3 Nf5+ 40. Kf4 g6 41. h5 c3 42. Nf2 Kd4 43.
Nh3 c2 0-1

[Event "*** MasterClass Titled Tuesday Blitz"]
[Site "Chess.com"]
[Date "2017.12.05"]
[Round "7"]
[White "Quiet_Desperation"]
[Black "Scott-fox21"]
[Result "0-1"]
[WhiteElo "2330"]
[BlackElo "2204"]
[TimeControl "180+2"]
[EndTime "15:41:41 PST"]
[Termination "Scott-fox21 won by resignation"]

1. e4 c5 2. Nf3 d6 3. d4 cxd4 4. Nxd4 Nf6 5. Nc3 Nc6 6. Bg5 e6 7. f4 a6 8. Qd2 Bd7 9. O-O-O h6 10. Bxf6 Qxf6 11. Nxc6 Bxc6 12. Kb1 Be7 13. Bd3 O-O 14.
g4 Qh4 15. Rhg1 b5 16. Rg2 d5 17. exd5 exd5 18. Rdg1 d4 19. Ne4 Rfe8 20. g5 hxg5 21.
Rg4 Qh3 22. Nxg5 Qe3 23. Bh7+ Kf8 24. Qa5 b4 25. Bd3 Bxg5 26. Qxb4+ Be7 27. Rxg7 Bxb4 0-1

[Event "*** MasterClass Titled Tuesday Blitz"]
[Site "Chess.com"]
[Date "2017.12.05"]
[Round "7"]
[White "AndrewMcStone"]
[Black "PenguinPacks"]
[Result "1-0"]
[WhiteElo "2120"]
[BlackElo "2250"]
[TimeControl "180+2"]
[EndTime "15:41:41 PST"]
[Termination "AndrewMcStone won by resignation"]

1. d4 Nf6 2. c4 e6 3. Nc3 d5 4. cxd5 exd5 5. Bg5 Be7 6. Qc2 c6 7. e3 h6 8. Bh4 O-O 9. Bd3 Nbd7 10. Nge2 Re8 11.
f3 Bd6 12. Bf2 Qc7 13. Ng3 Nf8 14. Rc1 a6 15. O-O h5 16. Kh1 h4 17. Nge2 Bxh2 18. Bxh4 N8d7 19. g3 g5 20. Bxg5 Bxg3 21. Rg1 Nh5 22. Bf4 Nxf4 23. exf4 1-0

[Event "*** MasterClass Titled Tuesday Blitz"]
[Site "Chess.com"]
[Date "2017.12.05"]
[Round "7"]
[White "1e41-0"]
[Black "isaacAbdulsalam"]
[Result "1-0"]
[WhiteElo "2348"]
[BlackElo "1962"]
[TimeControl "180+2"]
[EndTime "15:41:43 PST"]
[Termination "1e41-0 won by checkmate"]

1. d4 Nf6 2. c4 e6 3. Nc3 Bb4 4.
f3 d5 5. a3 Bxc3+ 6. bxc3 O-O 7.
cxd5 Nxd5 8. e4 Nxc3 9. Qb3 Qxd4 10. Bb2 Qe3+ 11. Ne2 Nc6 12. Qxc3 Qxc3+ 13. Bxc3 b6 14. Rc1 Ba6 15. Nf4 Bxf1 16. Rxf1 e5 17. Nd5 f6 18.
Bb2 Na5 19. Rxc7 Rac8 20. Rxc8 Rxc8 21. Ne7+ Kf7 22. Nxc8 Nc4 23. Bc1 a5 24. Ke2 b5 25.
Kd3 Ke6 26. a4 Nd6 27. Nxd6 Kxd6 28. axb5 Kc5 29. Bd2 Kxb5 30. Ra1 a4 31. Ra3 g6 32. g3 f5 33. f4 exf4 34. gxf4 fxe4+ 35. Kxe4 h6 36. h3 h5 37. h4 Kc6 38. Rxa4 Kd6 39. Ra6+ Ke7 40. Rxg6 Kf7 41. Rg5 Kf6 42. Rxh5 Kg6 43.
Rg5+ Kh6 44. Kf5 Kh7 45. Kf6 Kh6 46. f5 Kh7 47. Kf7 Kh8 48. Rh5# 1-0

[Event "*** MasterClass Titled Tuesday Blitz"]
[Site "Chess.com"]
[Date "2017.12.05"]
[Round "7"]
[White "d4xaoc"]
[Black "Blitz-rider"]
[Result "0-1"]
[WhiteElo "1199"]
[BlackElo "1978"]
[TimeControl "180+2"]
[EndTime "15:41:44 PST"]
[Termination "Blitz-rider won by checkmate"]

1. e4 c5 2. c3 d5 3. exd5 Qxd5 4. c4 Qe5+ 5. Be2 Nc6 6. Nf3 Qc7 7. O-O Nf6 8. d4 cxd4 9. Nxd4 a6 10. Qa4 Bd7 11. Nxc6 Bxc6 12. Qc2 e6 13. Nc3 Bd6 14. Bg5 Bxh2+ 15.
Kh1 Be5 16. f4 Bd4 17. Bf3 Bxf3 18. Rxf3 Ng4 19. Ne4 h6 20. Qd3 hxg5+ 21. Rh3 O-O-O 22. Qf3 f5 23. Nxg5 Nf2+ 24. Kg1 Nxh3+ 25. Kh2 Nxg5+ 26.
Qh3 Qxf4+ 27. g3 Rxh3+ 28. Kg2 Qf2# 0-1

[Event "*** MasterClass Titled Tuesday Blitz"]
[Site "Chess.com"]
[Date "2017.12.05"]
[Round "7"]
[White "Al_Shima"]
[Black "Zkid"]
[Result "0-1"]
[WhiteElo "2363"]
[BlackElo "2564"]
[TimeControl "180+2"]
[EndTime "15:41:54 PST"]
[Termination "Zkid won by checkmate"]

1. b3 c5 2. Bb2 Nc6 3. e3 e6 4. f4 Nf6 5. Nf3 d5 6. Bb5 Bd7 7. Bxc6 Bxc6 8. Ne5 Rc8 9. d3 Nd7 10.
Nxc6 Rxc6 11. Nd2 Be7 12. Qg4 Bf6 13. O-O-O O-O 14. e4 dxe4 15. Nxe4 Bxb2+ 16. Kxb2 Nf6 17. Qf3 Nd5 18. g4 f5 19. gxf5 exf5 20. Ng5 Qf6+ 21. d4 Rd8 22. c3 cxd4 23. cxd4 Nb4 24. Qe3 Rc2+ 25. Kb1 Rxa2 26. Rhe1 Ra1+ 27. Kb2 Ra2+ 28. Kb1 Ra1+ 29. Kb2 Rxd1 30. Rxd1 h6 31. Nf3 Qc6 32. Rd2 Qa6 33. Kb1 Rc8 34. Ne5 Qf1+ 35. Kb2 Qc1# 0-1

[Event "*** MasterClass Titled Tuesday Blitz"]
[Site "Chess.com"]
[Date "2017.12.05"]
[Round "7"]
[White "chesstrophy1"]
[Black "lrivaspicazo"]
[Result "0-1"]
[WhiteElo "1382"]
[BlackElo "1729"]
[TimeControl "180+2"]
[EndTime "15:42:13 PST"]
[Termination "lrivaspicazo won by checkmate"]

1. e4 Nf6 2. e5 Nd5 3. d4 e6 4. Bc4 Nb6 5. Bb3 c5 6. c3 d5 7. a3 c4 8. Bc2 Nc6 9. b3 f5 10.
bxc4 Nxc4 11. Nd2 b5 12. a4 Nxd2 13. Bxd2 bxa4 14. Bxa4 Bd7 15. Nf3 Be7 16. O-O O-O 17. Qc2 Rc8 18. Qd3 g5 19. Bxc6 Rxc6 20. Rxa7 g4 21. Ne1 Rb6 22. Ra1 Bb5 23. Qe3 Bxf1 24. Kxf1 f4 25. Qd3 Qc8 26. Rc1 Qc4 27. Qxc4 dxc4 28.
Nc2 h5 29. f3 Kh7 30. Kf2 Kg6 31. Ra1 Kf5 32. Na3 Bxa3 33. Rxa3 Rb2 34. Ke2 gxf3+ 35. gxf3 Rg8 36. Kd1 Rg1+ 37. Ke2 Rg2+ 38. Ke1 Rbxd2 39. Ra8 Ra2 40. Rf8+ Kg5 41. Rg8+ Kh4 42.
Re8 Rg1# 0-1

[Event "*** MasterClass Titled Tuesday Blitz"]
[Site "Chess.com"]
[Date "2017.12.05"]
[Round "7"]
[White "GameOverBro"]
[Black "josemoramoron"]
[Result "1-0"]
[WhiteElo "2327"]
[BlackElo "2186"]
[TimeControl "180+2"]
[EndTime "15:42:25 PST"]
[Termination "GameOverBro won by resignation"]

1. e4 c5 2. Ne2 Nc6 3. Nbc3 e6 4. d4 cxd4 5. Nxd4 Qc7 6. g3 a6 7. Bg2 h5 8. h3 Nf6 9. Be3 Ne5 10. f4 Nc4 11.
Bc1 Bb4 12. Qd3 b5 13. a3 Bc5 14. e5 Bb7 15. exf6 Bxg2 16. fxg7 Rg8 17. Rh2 Bb7 18. Ncxb5 axb5 19. Nxb5 Qc6 20. Qxc4 Bf2+ 21. Rxf2 Qxc4 22. Nd6+ Ke7 23. Nxc4 Rxg7 24. g4 hxg4 25. hxg4 Rxg4 26. Be3 Ba6 27. b3 Bxc4 28. bxc4 Ra4 29. c5 Rg1+ 30. Rf1 Rg2 31. Ra2 Re4 32. Rf3 f5 33. a4 e5 34.
Kf1 Rh2 35. fxe5 Ke6 36. a5 Kxe5 37. a6 f4 38. Bxf4+ Rxf4 39. Rxf4 Kxf4 40. a7 1-0

[Event "*** MasterClass Titled Tuesday Blitz"]
[Site "Chess.com"]
[Date "2017.12.05"]
[Round "7"]
[White "TregubovP"]
[Black "Zenzo"]
[Result "0-1"]
[WhiteElo "2492"]
[BlackElo "2497"]
[TimeControl "180+2"]
[EndTime "15:42:38 PST"]
[Termination "Zenzo won by resignation"]

1. d4 Nf6 2. c4 e6 3. Nc3 Bb4 4.
e3 b6 5. Ne2 Ba6 6. a3 Be7 7.
Nf4 d5 8. cxd5 Bxf1 9. Kxf1 Nxd5 10. Qf3 c6 11. g3 O-O 12. Kg2 Nd7 13. Rd1 Rc8 14.
e4 Nxc3 15. bxc3 Qc7 16. Be3 Rfd8 17. h4 e5 18. Nd3 exd4 19. cxd4 Nf8 20. a4 Qd7 21.
Rac1 c5 22. dxc5 Qxa4 23. Ne5 f6 24. Rxd8 Rxd8 25. cxb6 fxe5 26. bxa7 Ra8 27. Rc7 Bf6 28. Qd1 Qxd1 0-1

[Event "*** MasterClass Titled Tuesday Blitz"]
[Site "Chess.com"]
[Date "2017.12.05"]
[Round "7"]
[White "pulvettd"]
[Black "wonderfultime"]
[Result "1-0"]
[WhiteElo "2280"]
[BlackElo "2718"]
[TimeControl "180+2"]
[EndTime "15:42:43 PST"]
[Termination "pulvettd won by resignation"]

1. d4 d5 2. c4 c6 3. Nc3 Nf6 4. e3 a6 5. Nf3 Bf5 6. Be2 h6 7. Bd3 Bxd3 8. Qxd3 e6 9. O-O Nbd7 10.
Bd2 Be7 11. e4 dxe4 12. Nxe4 O-O 13. Bc3 Qc7 14. Rad1 Rfd8 15. Qe3 Rac8 16. h3 b5 17. b3 a5 18. Ng3 Bd6 19. Ne5 a4 20. f4 axb3 21.
axb3 bxc4 22. bxc4 c5 23. d5 Re8 24. Rfe1 Bf8 25. Qf3 exd5 26. cxd5 Rb8 27. Nf5 Rb3 28.
Qg3 Nxe5 29. fxe5 g6 30. d6 Qd7 31. Ne7+ Bxe7 32. dxe7 Ne4 33. Rxd7 Nxg3 34. Rd8 Rb8 35. Rxb8 Rxb8 36. Rd1 Kh7 37. Rd8 1-0

[Event "*** MasterClass Titled Tuesday Blitz"]
[Site "Chess.com"]
[Date "2017.12.05"]
[Round "7"]
[White "AndreyOstrovskiy"]
[Black "ChessMavenYeti"]
[Result "1-0"]
[WhiteElo "2513"]
[BlackElo "2074"]
[TimeControl "180+2"]
[EndTime "15:42:43 PST"]
[Termination "AndreyOstrovskiy won by resignation"]

1. e4 e6 2. d4 d5 3. Nc3 Be7 4. Nf3 Nf6 5. Bd3 c5 6. dxc5 dxe4 7. Nxe4 Nxe4 8. Bxe4 Qxd1+ 9. Kxd1 Bxc5 10. Be3 Bxe3 11. fxe3 Ke7 12. Ke2 Nc6 13. Bxc6 bxc6 14. Ne5 Bb7 15. Rhd1 Rad8 16. g3 f6 17. Nd3 Ba6 18.
b3 Rd5 19. c4 Rh5 20. h4 e5 21. Kf3 Rf5+ 22. Ke4 Rh5 23. Nc5 Bc8 24. Rd2 Rd8 25.
Rad1 Rxd2 26. Rxd2 Bg4 27. b4 g5 28. Rh2 gxh4 29. Rxh4 Bf5+ 30. Kf3 Rxh4 31. gxh4 Be6 32. Nxe6 Kxe6 33. e4 f5 34. exf5+ Kxf5 35. b5 cxb5 36. cxb5 e4+ 37. Ke3 Kg4 38. a4 Kxh4 39. a5 Kg3 40. b6 axb6 41. axb6 h5 42. b7 h4 43. b8=Q+ Kg2 44.
Kxe4 h3 45. Qg8+ Kf1 46. Qh7 Kg2 47. Qg6+ Kf2 48. Qh5 Kg2 49. Qf3+ Kh2 50. Ke3 1-0

[Event "*** MasterClass Titled Tuesday Blitz"]
[Site "Chess.com"]
[Date "2017.12.05"]
[Round "7"]
[White "penguingm1"]
[Black "Frolik67"]
[Result "1-0"]
[WhiteElo "2621"]
[BlackElo "2410"]
[TimeControl "180+2"]
[EndTime "15:42:54 PST"]
[Termination "penguingm1 won by resignation"]

1. d4 e6 2. c4 d5 3. Nc3 f5 4. Bf4 c6 5. e3 Nf6 6. Nf3 Bd6 7. Ne5 O-O 8. Bd3 Ne4 9. h3 Qe7 10. c5 Bc7 11. O-O Qd8 12. Ne2 Nd7 13. b4 Nxe5 14. Bxe5 Bxe5 15. dxe5 Qc7 16. f3 Ng5 17. f4 Ne4 18. Bxe4 dxe4 19. Nd4 Rd8 20. Qb3 Qf7 21. a4 Bd7 22. b5 Rab8 23. Kh2 Kh8 24. Rab1 Qe8 25.
Rfd1 h6 26. b6 a6 27. Ne2 Qe7 28. Rd6 Be8 29. Nd4 Bf7 30. Rd1 Rxd6 31. cxd6 Qd7 32.
Qb4 c5 33. Qxc5 Rc8 34. Qb4 Kh7 35. a5 Be8 36. Qd2 Qa4 37. Rc1 Rxc1 38. Qxc1 Qxa5 39. Qc7 Qa2 40. Qe7 Bh5 41. Nxe6 1-0

[Event "*** MasterClass Titled Tuesday Blitz"]
[Site "Chess.com"]
[Date "2017.12.05"]
[Round "7"]
[White "visa"]
[Black "Dr_Nezard"]
[Result "0-1"]
[WhiteElo "2177"]
[BlackElo "2297"]
[TimeControl "180+2"]
[EndTime "15:42:57 PST"]
[Termination "Dr_Nezard won by checkmate"]

1. e4 c5 2. a3 Nc6 3. b4 cxb4 4. axb4 Nxb4 5. d4 d5 6. c3 Nc6 7. exd5 Qxd5 8. Na3 e5 9. Nb5 Qd8 10. d5 Nce7 11.
d6 Nc6 12. Nc7+ Kd7 13. Nxa8 Bxd6 14. Ba3 Ke7 15. Qxd6+ Qxd6 16. Bxd6+ Kxd6 17. O-O-O+ Kc5 18. Nc7 Nf6 19. Nb5 Ne4 20. Nh3 Bxh3 21. gxh3 Nxf2 22. Be2 Nxh1 23. Rxh1 f5 24. Rd1 g6 25. Nd6 Kb6 26. Rd5 a6 27. Nc4+ Kc7 28. Nxe5 Re8 29. Nxc6 Rxe2 30. Rd2 Rxd2 31. Kxd2 Kxc6 32. Kd3 Kd5 33.
c4+ Kc5 34. Kc3 a5 35. Kb3 b6 36. Kc3 f4 37. Kd3 g5 38. Kc3 h6 39. Kd3 Kb4 40. Kd4 a4 41. Ke5 Kxc4 42. Kf5 a3 43. Kg6 a2 44. Kxh6 a1=Q 45. Kxg5 Qe5+ 46. Kg4 f3 47. h4 f2 48. h5 f1=Q 49. h4 Qff4+ 50. Kh3 Qg3# 0-1

[Event "*** MasterClass Titled Tuesday Blitz"]
[Site "Chess.com"]
[Date "2017.12.05"]
[Round "7"]
[White "hhbcd_grob_bes"]
[Black "ZABDIELBLANCO"]
[Result "1-0"]
[WhiteElo "1614"]
[BlackElo "1222"]
[TimeControl "180+2"]
[EndTime "15:43:00 PST"]
[Termination "hhbcd_grob_bes won by resignation"]

1. e4 c5 2. Nf3 Nc6 3. d4 e6 4. Be3 cxd4 5. Nxd4 Nxd4 6. Qxd4 d5 7. Bb5+ Bd7 8. Bxd7+ Qxd7 9. Nc3 b6 10. exd5 exd5 11.
Qxd5 Qxd5 12. Nxd5 O-O-O 13. O-O-O Ne7 14. Nxe7+ Bxe7 15. Bd4 f6 16. Rd3 Bc5 17. Rhd1 Rd6 18. Bxc5 Rxd3 19.
Rxd3 bxc5 20. Rc3 Kb7 21. Rxc5 Kb6 22. b4 Re8 23. Kd2 a5 24. a3 axb4 25. axb4 Re4 26. c3 Rh4 27. h3 Rf4 28. Ke3 Rh4 29. Kf3 g5 30. Rf5 Rh6 31. Ke4 Rg6 32. c4 h5 33.
Kd5 g4 34. h4 g3 35. f3 Kc7 36.
Ke6 Rg8 37. Rxf6 Re8+ 38. Kf5 Re2 39. Rh6 Rxg2 40. Rxh5 Rf2 41. Ke4 g2 42. Rg5 Rc2 43. Kd3 Rf2 44. Ke3 Ra2 45. h5 Ra3+ 46. Ke4 Ra2 47.
h6 Re2+ 48. Kd3 Re1 49. Rxg2 Rh1 50. Rg7+ Kd6 51. h7 Ke6 52. b5 Kf6 53. Rd7 Kg6 54.
b6 Rd1+ 55. Ke2 Rxd7 56. h8=Q Re7+ 57. Kd2 Rd7+ 58. Kc3 Rb7 59. Qe8+ Rf7 60. Qxf7+ Kxf7 1-0

[Event "*** MasterClass Titled Tuesday Blitz"]
[Site "Chess.com"]
[Date "2017.12.05"]
[Round "7"]
[White "Swarnapuri"]
[Black "Jahonas"]
[Result "1-0"]
[WhiteElo "2408"]
[BlackElo "2234"]
[TimeControl "180+2"]
[EndTime "15:43:06 PST"]
[Termination "Swarnapuri won by resignation"]

1. d4 Nf6 2. Bf4 d5 3. e3 Nc6 4. c4 e6 5. Nc3 Bb4 6. Qb3 O-O 7. a3 Bxc3+ 8. Qxc3 dxc4 9. Bxc4 Nd5 10. Bxd5 Qxd5 11.
Nf3 b6 12. O-O Bb7 13. Rac1 Rfc8 14. Rfe1 h6 15. e4 Qd7 16. b4 Ne7 17. Ne5 Qa4 18.
Qg3 Kf8 19. Qf3 Nf5 20. Qh5 Nd6 21. d5 Qe8 22. Ng4 f5 23. Qxe8+ Nxe8 24. exf5 exf5 25. Ne3 g5 26. Be5 f4 27. Nf5 Bxd5 28. Nxh6 c5 29. bxc5 Rxc5 30. Bc3 a5 31. Bd4 Rxc1 32. Rxc1 b5 33.
Rc5 Bc4 34. Rxg5 Rd8 35. Bc5+ Nd6 36. Nf5 Kf7 37. Nxd6+ Kf6 38. h4 b4 39. Nxc4 1-0

[Event "*** MasterClass Titled Tuesday Blitz"]
[Site "Chess.com"]
[Date "2017.12.05"]
[Round "7"]
[White "SharkAnto55"]
[Black "gmjoey1"]
[Result "0-1"]
[WhiteElo "2341"]
[BlackElo "2501"]
[TimeControl "180+2"]
[EndTime "15:43:09 PST"]
[Termination "gmjoey1 won on time"]

1. d4 Nf6 2. c4 e6 3. Nf3 Bb4+ 4. Bd2 Qe7 5. g3 Nc6 6. Nc3 Bxc3 7. Bxc3 d5 8. Bg2 O-O 9. O-O dxc4 10. Qa4 Bd7 11. Qxc4 b5 12. Qd3 b4 13. Bd2 Rfd8 14. Bf4 Be8 15.
Qc4 Nd5 16. Bg5 f6 17. Bd2 Na5 18. Qc2 Rac8 19. Rac1 Nb7 20. e4 Nb6 21. Be3 a5 22.
Qe2 Nd6 23. Rc5 Nxe4 24. Rxa5 Nd5 25. Nd2 Nxd2 26. Bxd2 c6 27. Re1 Bf7 28. Rc5 Qa7 29. Bxd5 exd5 30. Bxb4 Qxa2 31. Qc2 Bg6 32. Qc3 Re8 33.
Rc1 h5 34. Ra5 Qc4 35. Qxc4 dxc4 0-1

[Event "*** MasterClass Titled Tuesday Blitz"]
[Site "Chess.com"]
[Date "2017.12.05"]
[Round "7"]
[White "hectorfiori"]
[Black "Gattass"]
[Result "0-1"]
[WhiteElo "2191"]
[BlackElo "2132"]
[TimeControl "180+2"]
[EndTime "15:43:11 PST"]
[Termination "Gattass won by resignation"]

1. e4 c5 2. Nf3 Nc6 3. d4 cxd4 4. Nxd4 Nf6 5. Nc3 d6 6. Bg5 e6 7. f4 Be7 8. Qd2 O-O 9. O-O-O Nxd4 10. Qxd4 Qa5 11. Kb1 h6 12. h4 hxg5 13. hxg5 Ng4 14. Bd3 Qc5 15. Qxc5 dxc5 16. Rh4 f5 17. exf5 Nf2 18.
fxe6 Bxe6 19. Re1 Nxd3 20. Rxe6 Nxf4 21. Rxe7 Ng6 22. Rxg7+ Kxg7 23. Rh1 Rf2 24. g3 Rh8 25. Rd1 Rhh2 26. b3 Rxc2 27. Rd7+ Kf8 28. Ne4 Rce2 29.
Nc3 Re1+ 30. Nd1 Ke8 0-1

[Event "*** MasterClass Titled Tuesday Blitz"]
[Site "Chess.com"]
[Date "2017.12.05"]
[Round "7"]
[White "JusticeBot"]
[Black "HarutyunianTigranK"]
[Result "0-1"]
[WhiteElo "2548"]
[BlackElo "2549"]
[TimeControl "180+2"]
[EndTime "15:43:17 PST"]
[Termination "HarutyunianTigranK won on time"]

1. e4 e5 2. Nf3 Nc6 3. Bc4 Bc5 4. b4 Bxb4 5. c3 Be7 6. d4 Na5 7. Be2 d6 8. Qa4+ c6 9. dxe5 dxe5 10. Nxe5 Nf6 11. O-O O-O 12. Rd1 Qc7 13. Bf4 b5 14. Qd4 Qb6 15. Qxb6 axb6 16. Nd2 Re8 17. Nb3 Bb7 18.
Bf3 c5 19. Nd7 Nxb3 20. axb3 Rxa1 21. Nxf6+ Bxf6 22. Rxa1 g5 23. Bd2 Bxe4 24. Re1 Rd8 25. Bxg5 Bxg5 26. Bxe4 Bf6 27. c4 Bc3 28. Rc1 bxc4 29.
bxc4 Rd4 30. Bd5 b5 31. Kf1 b4 32. Rb1 Rd2 33. Re1 b3 34. Rb1 b2 35. f4 Kg7 36. h3 f5 37. g4 Rc2 0-1

[Event "*** MasterClass Titled Tuesday Blitz"]
[Site "Chess.com"]
[Date "2017.12.05"]
[Round "7"]
[White "Korchmar_Vasiliy"]
[Black "Koksik_13"]
[Result "1-0"]
[WhiteElo "2559"]
[BlackElo "2314"]
[TimeControl "180+2"]
[EndTime "15:43:20 PST"]
[Termination "Korchmar_Vasiliy won by resignation"]

1. d4 e6 2. Bf4 b6 3. e3 Bb7 4.
Nf3 f5 5. Be2 Nf6 6. O-O Be7 7.
h3 d6 8. c4 Nbd7 9. Nc3 O-O 10. Ng5 e5 11. Ne6 Qe8 12. Bh2 Qg6 13. d5 Rfc8 14.
Nb5 Ne8 15. Bh5 Qh6 16. Bxe8 Rxe8 17. Nbxc7 Nf6 18. a4 Ne4 19. a5 bxa5 20. Rxa5 a6 21. Nxa8 Rxa8 22. Qa4 Bh4 23. Qd7 Kh8 24. Qxb7 Rg8 25.
g3 Bg5 26. Ra3 Qxh3 27. f3 Nd2 28. Rf2 Nxc4 29. Nxg5 Qh5 30. Nf7+ 1-0

[Event "*** MasterClass Titled Tuesday Blitz"]
[Site "Chess.com"]
[Date "2017.12.05"]
[Round "7"]
[White "Hasangatin_Ramil"]
[Black "tteshan"]
[Result "1-0"]
[WhiteElo "2388"]
[BlackElo "2013"]
[TimeControl "180+2"]
[EndTime "15:43:22 PST"]
[Termination "Hasangatin_Ramil won by resignation"]

1. d4 d5 2. Nc3 Nf6 3. Bg5 Nbd7 4. Nf3 h6 5. Bf4 c6 6. e3 e6 7. Bd3 Bb4 8. O-O O-O 9. h3 c5 10. a3 Bxc3 11. bxc3 c4 12. Be2 Ne4 13. Qe1 Qa5 14. Nd2 Nxc3 15. Bf3 Nb5 16. a4 Nc7 17. Nxc4 Qxe1 18.
Rfxe1 dxc4 19. Bxc7 Nf6 20. e4 Bd7 21. c3 Rac8 22.
Be5 Bc6 23. Bxf6 gxf6 24. d5 Bd7 25. Reb1 b6 26. Rd1 Rc7 27. Kf1 Rfc8 28. Ke2 Kf8 29.
Ke3 Be8 30. Bg4 Bd7 31. dxe6 fxe6 32. Rd6 Ke7 33. Rad1 Rg8 34. a5 b5 35. f4 Rd8 36.
Bxe6 Rb7 37. Rxd7+ Rbxd7 38. Rxd7+ Rxd7 39. Bxd7 Kxd7 40.
Kd4 Kc6 41. a6 Kb6 42. e5 fxe5+ 43. fxe5 Kc6 44. g4 b4 45. cxb4 c3 46. Kxc3 Kd5 47.
b5 Kxe5 48. b6 Kd6 49. bxa7 1-0